 Dungeon Crawl Stone Soup version 0.28-a0-1080-g05a166d0ed (webtiles) character file.

Game seed: 13456415499885044645

49 ytrimaz the Insei (level 3, 23/23 HPs)
             Began as an Octopode Transmuter on Dec 10, 2021.
             Quit the game on level 2 of the Dungeon.
             The game lasted 00:04:07 (2013 turns).

ytrimaz the Insei (Octopode Transmuter)             Turns: 2013, Time: 00:04:08

Health: 23/23      AC:  3    Str:  9    XL:     3   Next: 77%
Magic:  6/6        EV: 13    Int: 17    God:
Gold:   42         SH:  0    Dex: 12    Spells: 0/6 levels left

rFire   . . .      SeeInvis .     - Unarmed
rCold   . . .      Faith    +   (no shield)
rNeg    . . .      Spirit   .   (helmet restricted)
rPois   .          Reflect  .   c - amulet of faith
rElec   .          Harm     .   (no ring)
rCorr   .          Rampage  .   (no ring)
Will    .....                   (no ring)
Stlth   ++........              (no ring)
HPRegen 0.07/turn               (no ring)
MPRegen 0.10/turn               (no ring)
                                (no ring)
                                (no ring)

@: no status effects
A: almost no armour, amphibious, 8 rings, camouflage 1, gelatinous body 1,
(nimble swimmer 1), tentacles, iridescent scales 1, deterioration 1, wild magic
1
a: no special abilities


You were on level 2 of the Dungeon.
You visited 1 branch of the dungeon, and saw 2 of its levels.

You collected 42 gold pieces.

Inventory:

Jewellery
 c - an amulet of faith (around mantle)
Scrolls
 d - a scroll of enchant armour
Potions
 b - a potion of haste {unknown}
 e - a potion of magic {unknown}


   Skills:
 * Level 1.5 Fighting
 - Level 2.0 Dodging
 + Level 3.7 Unarmed Combat
 * Level 2.4 Spellcasting
 * Level 2.5 Transmutations


You couldn't memorise any spells.
You knew the following spells:

 Your Spells              Type           Power      Damage    Failure   Level
a - Beastly Appendage     Tmut           26%        N/A       11%         1
b - Wereblood             Tmut           13%        N/A       14%         2
c - Spider Form           Tmut/Pois      8%         N/A       41%         3

Your spell library contained the following spells:

 Spells                   Type           Power      Damage    Failure   Level
 Animate Skeleton         Necr           4%         N/A       26%         1
 Apportation              Tloc           4%         N/A       26%         1
 Summon Small Mammal      Summ           8%         N/A       26%         1
 Ice Form                 Ice/Tmut       8%         N/A       80%         4


Dungeon Overview and Level Annotations

Branches:
Dungeon (2/15)

Altars:

Shops:
D:1 :


Innate Abilities, Weirdness & Mutations

You cannot wear most types of armour.
You are amphibious.
You can wear up to eight rings at the same time.
Your skin changes colour to match your surroundings (Stealth+).
Your rubbery body absorbs attacks. (AC +1, EV +1)
((You are camouflaged near water. (Stealth+)))
You have tentacles for arms and can constrict up to eight enemies at once.
You are partially covered in iridescent scales. (AC +2)
Your body sometimes deteriorates upon taking damage.
Your spells are a little harder to cast, but a little more powerful.


Message History

You tentacle-slap the worm.
The worm is heavily wounded.
You constrict the worm. The worm bites you.
You tentacle-slap the worm but do no damage.
The worm is heavily wounded.
You constrict the worm. You tentacle-slap the worm.
The worm is almost dead.
You constrict the worm. The worm misses you.
You tentacle-slap the worm.
You kill the worm!
Unknown command.
As you read the scroll labelled NOIGUPT USUCS, it crumbles to dust.
It is a scroll of identify.
d - a scroll of enchant armour
As you read the scroll of identify, it crumbles to dust.
a - 2 potions of mutation
As you read the scroll labelled COTHIR ALLUL, it crumbles to dust.
Magic quickly surges around you.
It was a scroll of vulnerability.
Unknown command.
As you read the scroll labelled DIXEHI DICY, it crumbles to dust.
You feel aware of your surroundings.
It was a scroll of magic mapping.
Unknown command.
You start resting.
You feel your willpower return.
You start resting.
You start resting.
HP restored.
Okay, then.
Really quaff the potion of mutation?
You feel extremely strange.
You feel yourself wasting away.
Iridescent scales grow over part of your body.
You feel agile.
Iridescent scales spread over more of your body.
Really quaff the potion of mutation?
You feel extremely strange.
You feel clumsy.
Your iridescent scales recede somewhat.
You feel less in control of your magic.
Are you sure you want to abandon this character and quit the game? (Confirm with "yes".)

###################### #.......
................# #.##.###
##.#######*####.###### ##.##.#
##.# #.........####.#.#.### ##.#
#..#.####.....###)...# ##.#
##..#.#########.#.#.#.# ##.#
#.........>......##.#,*
##.########...#..#######........#
..............#.@..........P....#
......#####.#.#.######...P♣P♣♣..#
......# #^..#.# ##..P...,P.#
......# ##..#.# #.PP♣_.PP.#
......# #..#.#######..♣♣♣...,*
......# #..........#..*,*PPP,,
..(...# #..###.....<.,,,,,,,,,
####..# #..# #...#.#,,,,.....#
#..# #..###.....*,,**#.#..#


There were no monsters in sight!

Vanquished Creatures
  An adder (D:2)
  A worm (D:2)
  A dart slug (D:1)
  6 endoplasms
  2 giant cockroaches
  2 goblins
  2 hobgoblins (D:1)
  3 jackals (D:1)
  3 kobolds
  A quokka (D:2)
  4 ball pythons
  3 bats (D:2)
  A frilled lizard (D:1)
  2 rats (D:1)
32 creatures vanquished.

Notes
Turn   | Place    | Note
-------+----------+-------------------------------------------
     0 | D:1      | ytrimaz the Octopode Transmuter began the quest for the
                  | Orb.
     0 | D:1      | Reached XP level 1. HP: 13/13 MP: 3/3
    65 | D:1      | Reached XP level 2. HP: 17/18 MP: 5/5
    73 | D:1      | Learned a level 2 spell: Wereblood
   346 | D:1      | Found Nipe's Book Boutique.
   724 | D:1      | Reached XP level 3. HP: 20/23 MP: 4/6
   728 | D:1      | Learned a level 3 spell: Spider Form
  1754 | D:2      | Found a faded altar of an unknown god.
  2011 | D:2      | Gained mutation: Your body sometimes deteriorates upon
                  | taking damage. [potion of mutation]
  2011 | D:2      | Gained mutation: You are partially covered in iridescent
                  | scales. (AC +2) [potion of mutation]
  2011 | D:2      | Gained mutation: You are agile. (Dex +2) [potion of
                  | mutation]
  2011 | D:2      | Gained mutation: You are mostly covered in iridescent
                  | scales. (AC +4) [potion of mutation]
  2012 | D:2      | Lost mutation: You are agile. (Dex +2) [potion of mutation]
  2012 | D:2      | Lost mutation: You are mostly covered in iridescent scales.
                  | (AC +4) [potion of mutation]
  2012 | D:2      | Gained mutation: Your spells are a little harder to cast,
                  | but a little more powerful. [potion of mutation]
  2013 | D:2      | Quit the game

Illustrated notes

Levels and vault maps discovered:
D:1:      ncdulo_watergridlock, layout_rooms, serial_shops, shop
D:2:      layout_loops_ring, dreamdust_ecumenical_altar_grove

Action                   || total
-------------------------++-------
Melee: Unarmed           ||    77
       Constrict         ||    18
       Tentacles         ||    12
       Kick              ||     2
       Punch             ||     1
 Cast: Beastly Appendage ||     9
  Use: Scroll            ||     6
       Potion            ||     2
 Stab: Sleeping          ||     9
Armor: Skin              ||    11
Dodge: Dodged            ||    44

Table legend: (Time is in decaauts)
 A = Elapsed time spent in this place.
 B = Non-inter-level travel time spent in this place.
 C = Inter-level travel time spent in this place.
 D = Time resting spent in this place.
 E = Time spent auto-exploring this place.
 F = Levels seen in this place.
 G = Mean time per level.
                   A        B        C        D        E       F      G
               +--------+--------+--------+--------+--------+-----+--------+
         Total |   2008 |   1976 |     32 |    504 |   1178 |   2 | 1004.0 |
       Dungeon |   2008 |   1976 |     32 |    504 |   1178 |   2 | 1004.0 |
               +--------+--------+--------+--------+--------+-----+--------+

Top non-repeatable levels by time:
     D:2: 1157 daAuts
     D:1: 851 daAuts
